cohdb
Replays
Latest Replays
All Replays
Popular Replays
Top Player Replays
Match Explorer
How It Works
Community
CoH3 Stats
Reddit
Sign in to upload your games and track your stats! →
Sign in with Steam
Match 28308921
Unlisted
Match 28308921
Overview
Messages
Build Orders
End
Panzergrenadier Squad
Selects Italian Infantry
Panzergrenadier Squad
250 Light Carrier
Construct Light Support Kompanie
Combat Half-tracks
Fire Support Elements
Vehicle Survival Package
Panzerjäger Mechanized Group
Construct Panzerarmee Kommand
Armored Reserves
Selects Guastatori Squad
Guastatori Squad
Veteran Squad Leaders
Emergency Repair Kits
Guastatori Squad
Tiger Heavy Tank
Rapid Advance
Selects Defensive Operations
Selects Prepared Positions
Selects Obice 305mm Barrage
Panzer III Assault Group
Construct Mechanized Kompanie
Tungsten Core Ammunition
Selects Registered Artillery
Selects Towed Cannone da 105/28 Field Howitzer
Tiger Heavy Tank
Advanced Field Repairs
Advanced Optics
Panzer IV Assault Group
Flak 36 Anti-tank Gun Team
Obice 305mm Barrage
Tiger Heavy Tank
Ch4d Thundercockk
Arsen INTHEHAUSEEE
续命重工+1s蛤药六厂
宫小路瑞穗
DocMayou
seb
dinamix.fr
Ragnar Lothbrok (German)
0
0
Comments
sign in to comment!
No comments posted yet!